AoeStats
← Carple

Migration

503927652Analyzed
1v1 RM · 1mo ago on Sep 3, 2026· 43m 10s· 2 players
Game mode
Random Map
Map size
132×132
Population
200
Speed
Normal
Resources
Standard
Victory
Conquest
Starting age
Dark Age
Ending age
Imperial Age
RankedLock teamsTeams togetherTeam positionsShared explorationLock speedFull tech treeHidden civsTurbo modeCheats
Victory
Defeat
🇨🇦 Spanish · Canada
1183
+18
🇨🇱 Byzantines · Chile
1232
-18
Carple
12:06 Feudal Age
12:39 Double-Bit Axe
12:50 Fishing Lines
13:48 Town Watch
17:34 Forging
20:13 Castle Age
18:00 Loom
18:09 Horse Collar
19:24 Fletching
19:35 Scale Mail Armor
21:07 Medium Warships
20:48 Gillnets
22:59 Wheelbarrow
24:26 Husbandry
24:36 Bloodlines
24:47 Bow Saw
26:05 Heavy Plow
26:26 Pikeman
27:07 Squires
26:52 Gambesons
32:49 Imperial Age
31:00 Hand Cart
33:25 Iron Casting
33:06 Chain Mail Armor
32:53 Padded Archer Armor
32:49 Bodkin Arrow
33:00 Scale Barding Armor
32:51 Gold Mining
32:52 Stone Mining
35:13 Chemistry
34:11 Halberdier
34:37 Gambesons
35:43 Conscription
37:14 Elite Cannon Galleon
38:24 Heavy Warships
39:00 Cavalier
41:33 Hoardings
40:51 Arson
42:08 Ballistics
KingEdward
10:40 Feudal Age
19:17 Castle Age
17:28 Double-Bit Axe
19:54 Loom
20:34 Bow Saw
22:06 Light Cavalry
29:02 Scale Barding Armor
30:47 Horse Collar
33:39 Imperial Age
31:44 Fletching
32:55 Elite Skirmisher
34:22 Wheelbarrow
33:44 Bodkin Arrow
34:13 Ballistics
34:51 Forging
36:34 Chemistry
39:21 Padded Archer Armor
40:26 Heavy Camel Rider
41:33 Block Printing
Connection lost

Rejoining the realm…

Still unreachable

The connection could not be restored.

Session expired

The server has moved on; the page needs a fresh start.